 Dungeon Crawl Stone Soup version 0.28-a0-1389-gc726bef33b (webtiles) character file.

Game seed: 15954498194517400038

41 eustatius the Stinger (level 3, 0/24 HPs)
             Began as a Merfolk Venom Mage on Jan 4, 2022.
             Slain by a bullfrog (7 damage)
             ... on level 3 of the Dungeon.
             The game lasted 00:03:35 (460 turns).

eustatius the Stinger (Merfolk Venom Mage)           Turns: 460, Time: 00:03:36

Health: 0/24       AC:  4    Str:  8    XL:     3   Next: 52%
Magic:  4/7        EV: 12    Int: 16    God:
Gold:   23         SH:  0    Dex: 14    Spells: 7/8 levels left

rFire   . . .      SeeInvis .   (no weapon)
rCold   . . .      Faith    .   (no shield)
rNeg    + . .      Spirit   .   c - +2 robe {rN+}
rPois   .          Reflect  .   (no helmet)
rElec   .          Harm     .   (no cloak)
rCorr   .          Rampage  .   (no gloves)
Will    .....                   (no boots)
Stlth   ++........              (no amulet)
HPRegen 0.08/turn               (no ring)
MPRegen 0.10/turn               (no ring)

@: no status effects
A: (nimble swimmer 2), mertail
a: no special abilities


You were on level 3 of the Dungeon.
You visited 1 branch of the dungeon, and saw 3 of its levels.

You collected 23 gold pieces.

Inventory:

Armour
 a - a +0 robe
 b - a +0 robe
 c - a +2 robe of positive energy (worn)


   Skills:
 + Level 2.8 Dodging
 + Level 2.4 Stealth
 + Level 3.0 Spellcasting
 + Level 1.5 Transmutations
 + Level 3.7 Poison Magic


You had 7 spell levels left.
You knew the following spells:

 Your Spells              Type           Power      Damage    Failure   Level
a - Sting                 Tmut/Pois      40%        1d5       6%          1

Your spell library contained the following spells:

 Spells                   Type           Power      Damage    Failure   Level
 Poisonous Vapours        Pois/Air       16%        N/A       13%         2
 Corpse Rot               Necr/Air       4%         N/A       28%         2
 Mephitic Cloud           Conj/Pois/Air  6%         N/A       32%         3
 Olgreb's Toxic Radiance  Pois           14%        N/A       36%         4


Dungeon Overview and Level Annotations

Branches:
Dungeon (3/15)

Altars:


Innate Abilities, Weirdness & Mutations

((You are very nimble when in or above water. (Stealth+, EV+, Speed+++)))
Your lower body shifts to a powerful aquatic tail in water.


Message History

You add the spell Corpse Rot to your library.
You open the door.
A bullfrog comes into view.
There is an open door here.
The bullfrog gives a loud, deep croak!
The bullfrog completely misses you.
You hit the bullfrog.
The bullfrog is lightly wounded.
The bullfrog misses you. The bullfrog hits you.
Casting: Sting (safe; 6% risk of failure)
Confirm with . or Enter, or press ? or * to list all spells.
Aiming: Sting (safe; 6% risk of failure)
Press: ? - help, Shift-Dir - straight line, f - bullfrog
Aim: a bullfrog (64% to hit)
The sting hits the bullfrog.
The bullfrog is poisoned.
The bullfrog is lightly wounded.
The bullfrog closely misses you. The bullfrog closely misses you.
There is an open door here.
Casting: Sting (safe; 6% risk of failure)
Confirm with . or Enter, or press ? or * to list all spells.
Aiming: Sting (safe; 6% risk of failure)
Press: ? - help, Shift-Dir - straight line, f/p - bullfrog
Aim: a bullfrog (moderately wounded, poisoned, 64% to hit)
The sting misses the bullfrog.
The bullfrog hits you. The bullfrog hits you. The bullfrog barely misses you.
Casting: Sting (safe; 6% risk of failure)
Confirm with . or Enter, or press ? or * to list all spells.
Aiming: Sting (safe; 6% risk of failure)
Press: ? - help, Shift-Dir - straight line, f/p - bullfrog
Aim: a bullfrog (moderately wounded, poisoned, 64% to hit)
The sting hits the bullfrog.
The bullfrog looks even sicker.
The bullfrog is heavily wounded.
The bullfrog hits you.
* * * LOW HITPOINT WARNING * * *
The bullfrog closely misses you. The bullfrog barely misses you.
The bullfrog hits you!
You die...

##+#+###'#######
#...............
#..........##### #
#.......†..# ###.
#...†......#
....#####..........#
#..................#
#..................#
#........F@#.......#
#..........+.#######
#(.........#.#
#..........#.#
########'###.# #.#
#.# #.# #.. #.# ###
#.#


You could see a bullfrog (poisoned).

Vanquished Creatures
  Jessica (D:2)
  An adder (D:3)
  An endoplasm (D:3)
  A hobgoblin (D:1)
  A ball python (D:3)
  A bat (D:3)
  A frilled lizard (D:3)
  A kobold (D:2)
  A rat (D:2)
9 creatures vanquished.

Notes
Turn   | Place    | Note
-------+----------+-------------------------------------------
     0 | D:1      | eustatius the Merfolk Venom Mage began the quest for the
                  | Orb.
     0 | D:1      | Reached XP level 1. HP: 13/13 MP: 3/3
    48 | D:1      | You fall into a shaft and drop 1 floor!
   152 | D:2      | Noticed Jessica
   164 | D:2      | Killed Jessica
   165 | D:2      | Reached XP level 2. HP: 6/19 MP: 0/5
   165 | D:2      | Reached XP level 3. HP: 8/24 MP: 0/7
   380 | D:3      | Identified the +1 leather armour of the Eight Violins
                  | {Int+4}
   445 | D:3      | Noticed a bullfrog
   460 | D:3      | Slain by a bullfrog

Illustrated notes

Levels and vault maps discovered:
D:1:      scummos_arrival_simple_crosswalls, layout_rooms
D:2:      kennysheep_big_flooded_room, layout_loops_cross,
          ebering_ecumenical_altar_webs, uniq_jessica
D:3:      layout_basic, serial_shops, nicolae_shop_window_shopping,
          minmay_joined_circles, uniq_robin

Skill      XL: |  1  2  3 |
---------------+----------+-----
Spellcasting   | 3 |  3.0
Dodging        | |  2.8
Stealth        | |  2.4
Transmutations | |  1.5
Poison Magic   | |  3.7

Action                   || total
-------------------------++-------
Melee: Unarmed           ||     9
 Cast: Sting             ||    16
Armor: Robe              ||     6
Dodge: Dodged            ||    20

Table legend: (Time is in decaauts)
 A = Elapsed time spent in this place.
 B = Non-inter-level travel time spent in this place.
 C = Inter-level travel time spent in this place.
 D = Time resting spent in this place.
 E = Time spent auto-exploring this place.
 F = Levels seen in this place.
 G = Mean time per level.
                   A        B        C        D        E       F      G
               +--------+--------+--------+--------+--------+-----+--------+
         Total |    473 |    341 |    132 |      0 |      0 |   3 |  157.7 |
       Dungeon |    473 |    341 |    132 |      0 |      0 |   3 |  157.7 |
               +--------+--------+--------+--------+--------+-----+--------+

Top non-repeatable levels by time:
     D:2: 243 daAuts
     D:3: 181 daAuts
     D:1: 48 daAuts
